[Event "ICC tourney 2330 (75 10)"]
[Site "Internet Chess Club"]
[Date "2021.01.24"]
[Round "5"]
[White "ira2006"]
[Black "Player1139"]
[Result "1-0"]
[ICCResult "Black checkmated"]
[WhiteElo "563"]
[BlackElo "259"]
[Opening "Réti: King's Indian attack"]
[ECO "A05"]
[NIC "QP.11"]
[Time "16:32:04"]
[PlyCount "137"]
[TimeControl "4500+10"]

1. Nf3 Nf6 2. g3 g6 3. Bg2 Bg7 4. O-O O-O 5. d4 d5 6. b3 b6 7. Bb2 c5 8. e3
Nc6 9. dxc5 bxc5 10. c4 e6 11. Nc3 Bb7 12. Rc1 Nb4 13. Ba3 a5 14. Re1 Ne4
15. Nxe4 dxe4 16. Nd2 Nxa2 17. Bxc5 Nxc1 18. Bxf8 Qxf8 19. Qxc1 Qb4 20.
Nxe4 Bxe4 21. Bxe4 Bc3 22. Re2 Rd8 23. Rc2 Bd2 24. Qb2 f5 25. Bf3 Qd6 26.
Kf1 Qd3+ 27. Be2 Qe4 28. f3 Qc6 29. Rxd2 Rxd2 30. Qxd2 Qb7 31. Qd8+ Kg7 32.
Qxa5 Qxb3 33. Ke1 Qxe3 34. c5 Qc1+ 35. Bd1 Qe3+ 36. Be2 Qg1+ 37. Kd2 Qd4+
38. Bd3 Qb2+ 39. Ke3 Qe5+ 40. Kd2 Qb2+ 41. Bc2 Qd4+ 42. Kc1 Qe3+ 43. Kb2
Qe5+ 44. Qc3 Qxc3+ 45. Kxc3 Kf7 46. Kb3 Ke7 47. Bd1 Kd7 48. Be2 Kc6 49. Kb4
Kd5 50. Kb5 e5 51. c6 Kd6 52. Kb6 e4 53. fxe4 fxe4 54. c7 Kd7 55. Kb7 Ke6
56. c8=Q+ Kd5 57. Qg8+ Kd4 58. Qxh7 Kc3 59. Qxg6 e3 60. Qe4 Kd2 61. Bg4 Kc1
62. Qxe3+ Kb2 63. Qc5 Ka1 64. Qb4 Ka2 65. Kc6 Ka1 66. Kc5 Ka2 67. Kc4 Ka1
68. Kc3 Ka2 69. Qb2# { Black checkmated } 1-0

[Event "ICC tourney 2330 (75 10)"]
[Site "Internet Chess Club"]
[Date "2021.01.24"]
[Round "5"]
[White "MeLikeGame"]
[Black "Rhinoguy"]
[Result "1/2-1/2"]
[ICCResult "Game drawn by mutual agreement"]
[WhiteElo "1384"]
[BlackElo "1307"]
[Opening "Scotch gambit: Dubois-Réti defense"]
[ECO "C55"]
[NIC "KP.02"]
[Time "16:32:01"]
[PlyCount "78"]
[TimeControl "4500+10"]

1. e4 e5 2. Nf3 Nc6 3. Bc4 Nf6 4. d4 exd4 5. e5 Ng4 6. Bxf7+ Kxf7 7. Ng5+
Kg8 8. Qxg4 Be7 9. O-O h6 10. Nf3 d6 11. e6 Bf6 12. Re1 Qe7 13. Nbd2 Ne5
14. Nxe5 dxe5 15. Nf3 Bxe6 16. Qg3 Bf5 17. Nxd4 Bh7 18. c3 Qd6 19. Nb3 g5
20. Be3 b6 21. Rad1 Qc6 22. Rd2 Kf7 23. Red1 Bf5 24. Nc1 Rhe8 25. Nd3 e4
26. Nb4 Qb7 27. Bd4 Bxd4 28. cxd4 Rad8 29. Rc1 c5 30. Nc2 Kg6 31. Ne3 cxd4
32. Nxf5 Kxf5 33. Rc7 Rc8 34. Rdc2 Rxc7 35. Rxc7 Qd5 36. Qh3+ Kg6 37. g4
Rh8 38. Qa3 Qe6 39. h3 a5 { Game drawn by mutual agreement } 1/2-1/2

[Event "ICC tourney 2330 (75 10)"]
[Site "Internet Chess Club"]
[Date "2021.01.24"]
[Round "5"]
[White "SGOLD9367"]
[Black "DanielGuan"]
[Result "0-1"]
[ICCResult "White resigns"]
[WhiteElo "1210"]
[BlackElo "1291"]
[Opening "King's Indian: London system"]
[ECO "A48"]
[NIC "QP.03"]
[Time "16:31:54"]
[PlyCount "84"]
[TimeControl "4500+10"]

1. d4 Nf6 2. Nf3 g6 3. Bf4 Bg7 4. h3 O-O 5. e3 d6 6. Nbd2 Nc6 7. c4 Bf5 8.
Nh4 Bd7 9. Be2 e5 10. dxe5 dxe5 11. Bh2 e4 12. g4 h6 13. Ng2 Qc8 14. Rc1
Re8 15. a3 Nh7 16. Nf4 Bxb2 17. Rb1 Bg7 18. Nd5 Ne5 19. Nxe4 c6 20. Nd6 Qd8
21. Nxe8 Bxe8 22. Nf4 Qa5+ 23. Kf1 Qxa3 24. Rxb7 c5 25. Nd5 Qa6 26. Re7 Qd6
27. Bf3 Bc6 28. Bxe5 Bxe5 29. Nc7 Qxd1+ 30. Bxd1 Bxc7 31. f3 Bd6 32. Re4
Bxe4 33. fxe4 a5 34. Bf3 Ra7 35. Ke2 a4 36. Ra1 a3 37. Ra2 Be5 38. Kf2 Ng5
39. Bg2 Bb2 40. h4 Ne6 41. Bf1 Nd8 42. Bd3 Nc6 { White resigns } 0-1

[Event "ICC tourney 2330 (75 10)"]
[Site "Internet Chess Club"]
[Date "2021.01.24"]
[Round "5"]
[White "hanruiliu"]
[Black "boxingguy2469x"]
[Result "0-1"]
[ICCResult "White resigns"]
[WhiteElo "1115"]
[BlackElo "1050"]
[Opening "Queen's pawn game, Chigorin variation"]
[ECO "D02"]
[NIC "QP.09"]
[Time "16:31:58"]
[PlyCount "64"]
[TimeControl "4500+10"]

1. Nf3 d5 2. d4 Nc6 3. Bf4 Nf6 4. e3 Bg4 5. Nbd2 Ne4 6. Be2 e6 7. c3 g5 8.
Bg3 Nxg3 9. hxg3 Qf6 10. Qc2 Bf5 11. Bd3 Bxd3 12. Qxd3 h6 13. Qb5 Rb8 14.
Ne5 a6 15. Qa4 b5 16. Qxa6 Nxe5 17. dxe5 Qxe5 18. Nf3 Qf6 19. O-O-O Bg7 20.
Qc6+ Kd8 21. Nd4 Qxf2 22. Nxb5 Qxe3+ 23. Kb1 Be5 24. Rhf1 Rf8 25. c4 Qe4+
26. Ka1 Qxg2 27. Rb1 Bxb2+ 28. Rxb2 Qxf1+ 29. Rb1 Qxc4 30. Qa6 Kd7 31. a3
Ra8 32. Nd6 Qd4+ { White resigns } 0-1

[Event "ICC tourney 2330 (75 10)"]
[Site "Internet Chess Club"]
[Date "2021.01.24"]
[Round "5"]
[White "PsychonautYogi"]
[Black "kskariah"]
[Result "0-1"]
[ICCResult "White resigns"]
[WhiteElo "1103"]
[BlackElo "1359"]
[Opening "French: advance, Nimzovich system"]
[ECO "C02"]
[NIC "FR.03"]
[Time "16:32:18"]
[PlyCount "86"]
[TimeControl "4500+10"]

1. e4 e6 2. d4 d5 3. e5 c5 4. Nf3 Nc6 5. Bb5 Bd7 6. Bxc6 Bxc6 7. O-O Qb6 8.
b3 Ne7 9. c3 Nf5 10. a3 Be7 11. b4 cxd4 12. Nxd4 Nxd4 13. cxd4 O-O 14. Nc3
Rac8 15. Qg4 f5 16. exf6 Rxf6 17. Nxd5 Bxd5 18. Be3 Rg6 19. Qh3 Rxg2+ 20.
Qxg2 Bxg2 21. Kxg2 Qc6+ 22. Kg1 Rf8 23. Rac1 Qf3 24. Rc7 Rf6 25. Rfc1 Rg6+
26. Kf1 Qh3+ 27. Ke2 Qh5+ 28. Kd2 Bf8 29. Rxb7 e5 30. Rc8 exd4 31. Rbb8
dxe3+ 32. fxe3 Rg2+ 33. Kc3 Qe5+ 34. Kb3 Qxe3+ 35. Ka4 Rf2 36. Re8 Qd3 37.
Red8 Qa6+ 38. Kb3 Rf3+ 39. Kc2 Qc4+ 40. Kd2 Qa2+ 41. Ke1 Qf2+ 42. Kd1 Qf1+
43. Kd2 Qg2+ { White resigns } 0-1

[Event "ICC tourney 2330 (75 10)"]
[Site "Internet Chess Club"]
[Date "2021.01.24"]
[Round "5"]
[White "Cougar2020"]
[Black "chesssiddu"]
[Result "0-1"]
[ICCResult "White checkmated"]
[WhiteElo "1292"]
[BlackElo "1269"]
[Opening "Giuoco Piano"]
[ECO "C54"]
[NIC "IG.02"]
[Time "16:32:04"]
[PlyCount "134"]
[TimeControl "4500+10"]

1. e4 e5 2. Nf3 Nc6 3. Bc4 Bc5 4. c3 Nf6 5. d3 O-O 6. b4 Be7 7. h3 d5 8.
exd5 Nxd5 9. O-O Bf6 10. Bb2 Bf5 11. Re1 Nf4 12. Ba3 Re8 13. d4 exd4 14.
Rxe8+ Qxe8 15. Nxd4 Nxd4 16. cxd4 Qc6 17. Bf1 Qd5 18. Nc3 Qxd4 19. Qxd4
Bxd4 20. Bb2 Bb6 21. Rd1 c6 22. g4 Be6 23. a3 Rd8 24. Rxd8+ Bxd8 25. Ne2
Nxe2+ 26. Bxe2 Bb6 27. Kf1 Kf8 28. Ke1 Ke7 29. f3 f6 30. h4 Be3 31. h5 g6
32. hxg6 hxg6 33. Bd3 f5 34. Ke2 Bf4 35. gxf5 Bxf5 36. Bxf5 gxf5 37. Kd3
Ke6 38. Kc4 Be3 39. Kd3 Bb6 40. Bd4 Bxd4 41. Kxd4 Kd6 42. a4 b6 43. f4 a6
44. Kc4 Ke6 45. Kd4 b5 46. axb5 axb5 47. Kc5 Kd7 48. Kb6 Kd6 49. Kb7 c5 50.
bxc5+ Kxc5 51. Kc7 b4 52. Kd7 Kd4 53. Kd6 Ke4 54. Kc5 b3 55. Kc4 b2 56. Kc3
b1=Q 57. Kc4 Qd3+ 58. Kc5 Kxf4 59. Kc6 Ke5 60. Kc7 Qd6+ 61. Kb7 Qc5 62. Ka6
f4 63. Kb7 f3 64. Ka8 f2 65. Kb8 f1=Q 66. Kb7 Qb1+ 67. Ka6 Qa3# { White
checkmated } 0-1

[Event "ICC tourney 2330 (75 10)"]
[Site "Internet Chess Club"]
[Date "2021.01.24"]
[Round "6"]
[White "vidhat08"]
[Black "Poorvi123"]
[Result "0-1"]
[ICCResult "White checkmated"]
[WhiteElo "680"]
[BlackElo "752"]
[Opening "Queen's pawn game, Chigorin variation"]
[ECO "D02"]
[NIC "QP.09"]
[Time "20:01:39"]
[PlyCount "50"]
[TimeControl "4500+10"]

1. Nf3 d5 2. d4 Nc6 3. g3 Nf6 4. Bg2 Bf5 5. b3 Nb4 6. Na3 Qd6 7. c3 Nc6 8.
O-O O-O-O 9. b4 a6 10. b5 Na5 11. bxa6 Qxa6 12. Ne5 Bg6 13. Nxg6 hxg6 14.
Rb1 Ne4 15. Bxe4 dxe4 16. e3 e5 17. Qg4+ Qe6 18. Qxe6+ fxe6 19. dxe5 Rd5
20. Nb5 Nc6 21. Ba3 Bxa3 22. Nxa3 Nxe5 23. Rb5 Rxb5 24. Nxb5 Nf3+ 25. Kg2
Rxh2# { White checkmated } 0-1

[Event "ICC tourney 2330 (75 10)"]
[Site "Internet Chess Club"]
[Date "2021.01.24"]
[Round "6"]
[White "Landrade"]
[Black "PsychonautYogi"]
[Result "1-0"]
[ICCResult "Black resigns"]
[WhiteElo "928"]
[BlackElo "1103"]
[Opening "Queen's pawn game"]
[ECO "D04"]
[NIC "QP.08"]
[Time "20:01:43"]
[PlyCount "93"]
[TimeControl "4500+10"]

1. d4 d5 2. Nf3 Nf6 3. e3 Nbd7 4. Bd3 c5 5. c3 e6 6. Nbd2 c4 7. Bc2 Bd6 8.
e4 dxe4 9. Nxe4 Nxe4 10. Bxe4 e5 11. dxe5 Bxe5 12. Nxe5 Nxe5 13. Qxd8+ Kxd8
14. Bf4 Nd3+ 15. Bxd3 cxd3 16. O-O-O Bf5 17. Rhe1 Re8 18. Rxe8+ Kxe8 19. g4
Bg6 20. h4 h6 21. Re1+ Kf8 22. g5 hxg5 23. hxg5 Re8 24. Bd6+ Kg8 25. Rxe8+
Kh7 26. Kd2 a6 27. Re7 b5 28. Ra7 Bf5 29. Rxf7 Kg6 30. Rxf5 Kxf5 31. f4 g6
32. Kxd3 Ke6 33. Be5 Kd5 34. b3 a5 35. c4+ bxc4+ 36. bxc4+ Kc6 37. Kd4 a4
38. a3 Kd7 39. Kc5 Kc8 40. Kc6 Kd8 41. Kb7 Ke7 42. c5 Ke6 43. c6 Ke7 44. c7
Kf7 45. c8=Q Ke7 46. Bf6+ Kf7 47. Qd7+ { Black resigns } 1-0

[Event "ICC tourney 2330 (75 10)"]
[Site "Internet Chess Club"]
[Date "2021.01.24"]
[Round "6"]
[White "danielcao"]
[Black "Jake000"]
[Result "0-1"]
[ICCResult "White resigns"]
[WhiteElo "1110"]
[BlackElo "759"]
[Opening "Rousseau gambit"]
[ECO "C50"]
[NIC "IG.03"]
[Time "20:01:52"]
[PlyCount "82"]
[TimeControl "4500+10"]

1. e4 e5 2. Nf3 Nc6 3. Bc4 f5 4. d3 Nf6 5. Ng5 d5 6. exd5 Nxd5 7. Qf3 h6 8.
Qh5+ Ke7 9. Qf7+ Kd6 10. Qxd5+ Ke7 11. Qf7+ Kd6 12. b3 hxg5 13. Ba3+ Nb4
14. Bxb4+ Kc6 15. Qg6+ Bd6 16. O-O Kd7 17. Qf7+ Kc6 18. Bd5+ Kb6 19. Bd2 f4
20. Nc3 a5 21. Na4+ Ka7 22. Qxg7 f3 23. Bxf3 e4 24. Be3+ Kb8 25. Bxe4 Bxh2+
26. Kh1 Bg3+ 27. Bh7 Bd6 28. Kg1 Qe8 29. Bd4 Qh5 30. g3 Rxh7 31. Qxh7 Qxh7
32. f4 gxf4 33. gxf4 b5 34. Nc3 Bb7 35. Nxb5 Qh1+ 36. Kf2 Qh2+ 37. Ke1 Bxf4
38. Rg1 Bd2+ 39. Kf1 Bc8 40. Rg2 Qh1+ 41. Bg1 Bh3 { White resigns } 0-1

[Event "ICC tourney 2330 (75 10)"]
[Site "Internet Chess Club"]
[Date "2021.01.24"]
[Round "6"]
[White "ira2006"]
[Black "niftyfountain"]
[Result "1/2-1/2"]
[ICCResult "Game drawn because neither player has mating material"]
[WhiteElo "563"]
[BlackElo "1357"]
[Opening "Réti opening"]
[ECO "A05"]
[NIC "QP.11"]
[Time "20:01:49"]
[PlyCount "128"]
[TimeControl "4500+10"]

1. Nf3 Nf6 2. g3 d5 3. d4 Bf5 4. Bg2 c6 5. O-O e6 6. Nc3 Be7 7. b3 Nbd7 8.
Bb2 O-O 9. Re1 Qc7 10. e3 Rac8 11. Nd2 c5 12. Ba3 Qd8 13. e4 dxe4 14. Ncxe4
cxd4 15. Nxf6+ Nxf6 16. Bxe7 Qxe7 17. Nf3 Bxc2 18. Qd2 d3 19. Ne5 Rfd8 20.
Re3 Nd5 21. Bxd5 Rxd5 22. Nxd3 Bxd3 23. Rxd3 Rxd3 24. Qxd3 h6 25. a3 Qc7
26. a4 Qc3 27. Qxc3 Rxc3 28. Ra3 Kf8 29. Kf1 Ke7 30. Ke1 Kd6 31. Kd2 Rf3
32. Ke2 Rc3 33. f4 Rc2+ 34. Kd3 Rxh2 35. b4 Rg2 36. Kc4 Rc2+ 37. Kb5 Kc7
38. Ka5 Rd2 39. b5 Rc2 40. Kb4 h5 41. a5 Kd6 42. b6 axb6 43. axb6 Rb2+ 44.
Ka5 Kc5 45. Rc3+ Kd6 46. Rc7 Ra2+ 47. Kb5 Rb2+ 48. Ka5 Ra2+ 49. Kb5 Rb2+
50. Ka5 f5 51. Rxb7 g6 52. Rb8 Kc6 53. Rg8 Rxb6 54. Rxg6 Rb5+ 55. Ka4 Rd5
56. Rxe6+ Rd6 57. Re5 Rg6 58. Rxf5 Rxg3 59. Rxh5 Rf3 60. f5 Kd7 61. Kb4 Ke7
62. Kc4 Kf6 63. Kd4 Rxf5 64. Rxf5+ Kxf5 { Game drawn because neither player
has mating material } 1/2-1/2

[Event "ICC tourney 2330 (75 10)"]
[Site "Internet Chess Club"]
[Date "2021.01.24"]
[Round "6"]
[White "Rhinoguy"]
[Black "DanielGuan"]
[Result "1-0"]
[ICCResult "Black resigns"]
[WhiteElo "1307"]
[BlackElo "1291"]
[Opening "Sicilian: Alapin's variation (2.c3)"]
[ECO "B22"]
[NIC "SI.46"]
[Time "20:01:38"]
[PlyCount "37"]
[TimeControl "4500+10"]

1. e4 c5 2. c3 Nc6 3. d4 cxd4 4. cxd4 d5 5. exd5 Qxd5 6. Nf3 Bg4 7. Nc3 Qd8
8. d5 Nb8 9. Bb5+ Nd7 10. Bf4 Nf6 11. O-O g6 12. h3 Bxf3 13. Qxf3 Bg7 14.
d6 a6 15. dxe7 Kxe7 16. Bxd7 Nxd7 17. Nd5+ Kf8 18. Bd6+ Ke8 19. Nc7+ {
Black resigns } 1-0

[Event "ICC tourney 2330 (75 10)"]
[Site "Internet Chess Club"]
[Date "2021.01.24"]
[Round "6"]
[White "anmolwarman"]
[Black "MeLikeGame"]
[Result "1-0"]
[ICCResult "Black checkmated"]
[WhiteElo "1187"]
[BlackElo "1384"]
[Opening "English: three knights system"]
[ECO "A27"]
[NIC "EO.21"]
[Time "20:01:37"]
[PlyCount "123"]
[TimeControl "4500+10"]

1. c4 e5 2. Nc3 Nc6 3. Nf3 d6 4. g3 Nge7 5. Bg2 g6 6. d3 Bg7 7. O-O O-O 8.
Be3 f5 9. Qc1 Kh8 10. Bh6 Ng8 11. Bxg7+ Kxg7 12. e3 Be6 13. a3 Qd7 14. Ng5
Rae8 15. Qd2 Qe7 16. Nxe6+ Qxe6 17. Nd5 Qd7 18. b4 Rf7 19. b5 Nd8 20. Qa5
c6 21. bxc6 bxc6 22. Nb4 Ref8 23. Qa6 Ne7 24. Rac1 f4 25. exf4 exf4 26. c5
d5 27. d4 Qg4 28. Nd3 Ne6 29. Ne5 Qh5 30. Nxf7 Rxf7 31. Qd3 f3 32. Bh1 Qg4
33. Rc3 Ng5 34. Re1 Ng8 35. Re3 Nh6 36. Bxf3 Qh3 37. Bg2 Qh5 38. Qe2 Ng4
39. Re7 Qxh2+ 40. Kf1 Nh3 41. Rxf7+ Kxf7 42. Qxg4 Qg1+ 43. Ke2 Qxf2+ 44.
Kd1 Qg1+ 45. Kd2 Qxg2+ 46. Qe2 Qg1 47. Rf3+ Kg7 48. Qe7+ Kh6 49. Qh4+ Kg7
50. Qxh3 Qxd4+ 51. Ke2 Qe4+ 52. Kf2 Qc2+ 53. Kg1 Qxc5+ 54. Rf2 Qc1+ 55. Qf1
Qe3 56. Qa1+ Kg8 57. Kg2 Qe4+ 58. Kh2 Qe3 59. Qf6 Qh6+ 60. Kg2 Qg7 61. Qd8+
Qf8 62. Qxf8# { Black checkmated } 1-0

[Event "ICC tourney 2330 (75 10)"]
[Site "Internet Chess Club"]
[Date "2021.01.24"]
[Round "6"]
[White "prostripe"]
[Black "acgc"]
[Result "1-0"]
[ICCResult "Black checkmated"]
[WhiteElo "1344"]
[BlackElo "946"]
[Opening "Queen's bishop game"]
[ECO "D00"]
[NIC "QP.08"]
[Time "20:01:42"]
[PlyCount "139"]
[TimeControl "4500+10"]

1. d4 d5 2. Bf4 Nf6 3. Nf3 Nc6 4. Nc3 Bf5 5. a3 e6 6. Nh4 Bg6 7. Nxg6 hxg6
8. Bg5 Qd7 9. Bxf6 gxf6 10. Qd3 O-O-O 11. O-O-O Bd6 12. h3 Qe7 13. Nb5 e5
14. Nxd6+ Qxd6 15. e3 exd4 16. exd4 Qf4+ 17. Qe3 Qxe3+ 18. fxe3 Rhe8 19.
Rd3 Rd7 20. Be2 Rde7 21. Kd2 f5 22. Rf1 Na5 23. b3 Kd7 24. g4 Ke6 25. gxf5+
gxf5 26. Rc3 Kf6 27. Rf3 c6 28. Bd3 Kg5 29. Rxf5+ Kh4 30. Bf1 b5 31. Rf4+
Kg3 32. Rg4+ Kf2 33. Rf4+ Kg3 34. Ke2 Nb7 35. Rg4+ Kh2 36. Kf3 Re6 37. h4
Rf6+ 38. Rf4 Ree6 39. Bd3 Kh3 40. Bf5+ Rxf5 41. Rxf5 Kxh4 42. Rxf7 Nd6 43.
Rh7+ Kg5 44. Rxc6 Rf6+ 45. Ke2 Ne4 46. Rxf6 Kxf6 47. Rxa7 Kf5 48. Kd3 Ke6
49. Ra6+ Kd7 50. c4 dxc4+ 51. Kxe4 cxb3 52. Kd3 b2 53. Kc2 b1=Q+ 54. Kxb1
Kc7 55. Kb2 Kb7 56. Rh6 Kc7 57. Kb3 Kd7 58. Kb4 Ke7 59. Kxb5 Kf7 60. Rc6
Ke7 61. e4 Kd7 62. d5 Ke7 63. e5 Kd7 64. a4 Ke7 65. a5 Kd7 66. a6 Ke7 67.
a7 Kd7 68. a8=Q Ke7 69. Qb7+ Ke8 70. Rc8# { Black checkmated } 1-0

[Event "ICC tourney 2330 (75 10)"]
[Site "Internet Chess Club"]
[Date "2021.01.24"]
[Round "6"]
[White "Diyor"]
[Black "avbhosale"]
[Result "1-0"]
[ICCResult "Black checkmated"]
[WhiteElo "1218"]
[BlackElo "462"]
[Opening "Ruy Lopez: old Steinitz defense"]
[ECO "C62"]
[NIC "RL.02"]
[Time "20:01:46"]
[PlyCount "113"]
[TimeControl "4500+10"]

1. e4 e5 2. Nf3 Nc6 3. Bb5 d6 4. d4 Bd7 5. d5 Nce7 6. Bxd7+ Qxd7 7. O-O f5
8. exf5 Nxf5 9. Nc3 Nf6 10. h3 g6 11. a3 Bg7 12. Re1 O-O 13. Ng5 Nd4 14.
Nge4 c5 15. Nxf6+ Rxf6 16. Ne4 Rff8 17. Bd2 Qf5 18. f3 Rad8 19. c3 Nb5 20.
Ng5 Rf6 21. Qc1 Nc7 22. Ne4 Rf7 23. Bh6 Nxd5 24. Bxg7 Kxg7 25. Rd1 Nf4 26.
Qe3 d5 27. Nxc5 d4 28. Qf2 Qg5 29. Kh1 Re8 30. Ne4 Qe7 31. cxd4 exd4 32.
Qxd4+ Kg8 33. Re1 Qh4 34. Nf6+ Qxf6 35. Rxe8+ Kg7 36. Qxf6+ Rxf6 37. Re7+
Kh6 38. Rxb7 Re6 39. b4 Re2 40. Rg1 Nd3 41. Rxa7 Kg5 42. Ra5+ Kf4 43. g3+
Kxf3 44. Rf1+ Nf2+ 45. Kg1 Kxg3 46. Rg5+ Kxh3 47. Rxf2 Rxf2 48. Kxf2 Kh4
49. Rc5 g5 50. b5 g4 51. Rc4 Kh3 52. Kg1 g3 53. Rc3 Kg4 54. b6 h5 55. b7 h4
56. b8=Q Kh3 57. Qc8# { Black checkmated } 1-0

[Event "ICC tourney 2330 (75 10)"]
[Site "Internet Chess Club"]
[Date "2021.01.24"]
[Round "6"]
[White "boxingguy2469x"]
[Black "Cougar2020"]
[Result "1/2-1/2"]
[ICCResult "Game drawn by mutual agreement"]
[WhiteElo "1050"]
[BlackElo "1292"]
[Opening "French: Steinitz variation"]
[ECO "C11"]
[NIC "FR.04"]
[Time "20:01:41"]
[PlyCount "41"]
[TimeControl "4500+10"]

1. e4 e6 2. d4 d5 3. Nc3 Nf6 4. e5 Nfd7 5. Nf3 a6 6. Bd3 c5 7. b3 cxd4 8.
Nxd4 Nxe5 9. Be2 Nbc6 10. O-O Be7 11. Bf4 O-O 12. Nxc6 Nxc6 13. a3 f5 14.
Bd3 Rf6 15. Re1 Rg6 16. Qf3 Bg5 17. Bxg5 Qxg5 18. Nxd5 exd5 19. Re8+ Kf7
20. Rae1 Rd6 21. Bxf5 { Game drawn by mutual agreement } 1/2-1/2

[Event "ICC tourney 2330 (75 10)"]
[Site "Internet Chess Club"]
[Date "2021.01.24"]
[Round "6"]
[White "chesssiddu"]
[Black "aWildNateDawg"]
[Result "1/2-1/2"]
[ICCResult "Game drawn by mutual agreement"]
[WhiteElo "1269"]
[BlackElo "1109"]
[Opening "Four knights: Italian variation"]
[ECO "C55"]
[NIC "IG.01"]
[Time "20:01:46"]
[PlyCount "54"]
[TimeControl "4500+10"]

1. e4 e5 2. Nf3 Nc6 3. Bc4 Nf6 4. Nc3 Be7 5. O-O O-O 6. d4 exd4 7. Nxd4
Nxd4 8. Qxd4 d6 9. Bf4 Nd7 10. Rad1 Bf6 11. Qd2 Bxc3 12. Qxc3 Qf6 13. Qxf6
Nxf6 14. e5 Nh5 15. Bg3 Nxg3 16. fxg3 Bg4 17. Rd4 Bh5 18. exd6 cxd6 19.
Rxd6 Rac8 20. Bb3 Bg6 21. Rd7 Bxc2 22. Bxc2 Rxc2 23. Rxb7 h6 24. Rxa7 Rxb2
25. h4 h5 26. Rf2 Rxf2 27. Kxf2 Rb8 { Game drawn by mutual agreement }
1/2-1/2

[Event "ICC tourney 2330 (75 10)"]
[Site "Internet Chess Club"]
[Date "2021.01.24"]
[Round "6"]
[White "Player1139"]
[Black "raadix028"]
[Result "0-1"]
[ICCResult "White checkmated"]
[WhiteElo "259"]
[BlackElo "823"]
[Opening "French: advance, Paulsen attack"]
[ECO "C02"]
[NIC "FR.03"]
[Time "20:01:41"]
[PlyCount "94"]
[TimeControl "4500+10"]

1. e4 e6 2. d4 d5 3. e5 c5 4. c3 Nc6 5. Nf3 Qb6 6. Na3 a6 7. Nc2 Nge7 8.
Be2 Nf5 9. Rb1 Be7 10. Bf4 h6 11. O-O g5 12. Bg3 g4 13. Nfe1 h5 14. f3 cxd4
15. cxd4 Ncxd4 16. Nxd4 Nxd4 17. Bf2 Bc5 18. Nc2 Nxe2+ 19. Qxe2 Bd7 20. Ne1
Bb5 21. Nd3 O-O-O 22. b4 Bxf2+ 23. Rxf2 Rhg8 24. Qc2+ Kb8 25. Nc5 Qc7 26.
a4 Bd7 27. Re2 gxf3 28. Rf2 Rxg2+ 29. Rxg2 fxg2 30. Qxg2 Qxe5 31. b5 Qd4+
32. Qf2 Rg8+ 33. Kf1 Qc4+ 34. Ke1 Qc3+ 35. Kf1 Qh3+ 36. Ke1 Qc3+ 37. Kd1
axb5 38. axb5 Kc7 39. Nxe6+ Kb8 40. Qf4+ Ka7 41. b6+ Ka6 42. Nc7+ Ka5 43.
Qf1 Bg4+ 44. Qe2 Bxe2+ 45. Kxe2 Rg2+ 46. Kf1 Qf3+ 47. Ke1 Qe2# { White
checkmated } 0-1